 Dungeon Crawl Stone Soup version 0.16-a0-212-g3ed950e (webtiles) character file.

596 PolkaDot the Jinx (level 7, -3/46 HPs)
             Began as a Vampire Enchanter on Aug 18, 2014.
             Slain by an ogre
             ... wielding a +0 giant club
              (22 damage)
             ... on Level 5 of the Dungeon.
             The game lasted 00:10:05 (3695 turns).

PolkaDot the Jinx (Vampire Enchanter)               Turns: 3695, Time: 00:10:06

HP  -3/46        AC  4     Str  7      XL: 7   Next: 17%
MP   4/12        EV 12     Int 19      God:
Gold 179         SH  0     Dex 14      Spells:  4 memorised,  0 levels left

rFire  . . .     SeeInvis +     j - +3 dagger
rCold  + + .     Clarity  .     b - +1 robe
rNeg   + + +     rCorr    .     (no shield)
rPois  +         rRot     +     (no helmet)
rElec  .         Spirit   .     (no cloak)
SustAb .         Warding  .     (no gloves)
rMut   .         Stasis   .     (no boots)
Gourm  .                        (no amulet)
MR     .....                    f - +1 ring of protection
                                l - ring of regeneration

@: bloodless, non-regenerating, not resistant to hostile enchantments, stealthy
A: bottle blood, fangs 3, see invisible, unbreathing
a: Bat Form, Bottle Blood


You were on level 5 of the Dungeon.
You were bloodless.

You visited 1 branch of the dungeon, and saw 5 of its levels.

You collected 179 gold pieces.

Inventory:

Hand weapons
 j - a +3 dagger (weapon)
Armour
 b - a +1 robe (worn)
Magical devices
 a - a wand of slowing (8) {unknown}
 e - a wand of heal wounds (4) {unknown}
Scrolls
 i - 2 scrolls of remove curse
Jewellery
 f - a +1 ring of protection (right hand)
 l - a ring of regeneration (left hand)
Potions
 d - a potion of cancellation {unknown}
 h - a potion of cure mutation {!q}
 k - a potion of might {unknown}
 m - a potion of poison {unknown}
 o - 2 potions of agility
Books
 c - a book of Maledictions

   Spells                             Type                      Level
   *Corona                            Hexes                        1
   Sure Blade                         Hexes/Charms                 2
   *Ensorcelled Hibernation           Hexes/Ice                    2
   *Confuse                           Hexes                        3
   Dazzling Spray                     Conjuration/Hexes            3
   *Enslavement                       Hexes                        4


   Skills:
 + Level 4.8 Short Blades
 - Level 2.1 Dodging
 + Level 7.2 Stealth
 - Level 2.0 Spellcasting
 * Level 8.4 Hexes
 - Level 1.0 Ice Magic


You couldn't memorise any spells.
You knew the following spells:

 Your Spells              Type           Power        Failure   Level  Hunger
a - Corona                Hex            ####...      1%          1    #......
c - Confuse               Hex            ####....     1%          3    ####...
d - Ensorcelled Hibernat  Hex/Ice        ###...       4%          2    ##.....
e - Enslavement           Hex            ####....     8%          4    #####..


Dungeon Overview and Level Annotations

Branches:
Dungeon (5/15)
 Temple: D:4-7

Altars:
Cheibriados


Innate Abilities, Weirdness & Mutations

You do not heal naturally.
You can bottle blood from corpses.
You have razor-sharp teeth.
You have supernaturally acute eyesight.
You can survive without breathing.


Message History

Confirm with . or Enter, or press ? or * to list all spells.
Aiming: Ensorcelled Hibernation
Press: ? - help, Shift-Dir - straight line, f/p - ogre
Aim: an ogre, wielding a giant club (lightly wounded, bewildered and confused)
The ogre looks drowsy...
* * * LOW MAGIC WARNING * * *
An orc comes into view. It is wielding a flail.
An orc and an orc wizard come into view.
The orc shouts!
The ogre shouts!
The ogre misses you.
You slash the ogre!
The ogre is moderately wounded.
You hit the ogre but do no damage.
The ogre is moderately wounded.
You hit the ogre.
The ogre is moderately wounded.
You hit the ogre. You bite the ogre, but do no damage.
The ogre is heavily wounded.
The ogre hits you with a giant club!!
You die...

#.....#
#.....#
#.....#
#.##'##
#.##.#
#.##%#
#.##.#
###.##.#
#O@....#
#.#.####
#o#.#
#o#o#
...>.
.....
#..#...
##.#...
...#


You could see an ogre (confused), an orc wizard and 2 orcs.

Vanquished Creatures
  Grinder (D:3)
  A centaur (D:4)
  3 orc wizards
  A worker ant (D:4)
  7 adders
  4 gnolls
  An adder skeleton (D:4)
  2 giant geckos
  An ooze (D:1)
  6 orcs
  4 giant cockroaches
  6 goblins
  12 hobgoblins
  4 jackals (D:2)
  3 kobolds
  5 bats
  5 giant newts
  A kobold zombie (D:4)
  10 rats
77 creatures vanquished.

Notes
Turn   | Place    | Note
--------------------------------------------------------------
     0 | D:1      | PolkaDot, the Vampire Enchanter, began the quest for the Orb.
     0 | D:1      | Reached XP level 1. HP: 13/13 MP: 3/3
   375 | D:1      | Reached XP level 2. HP: 14/19 MP: 4/4
   379 | D:1      | Learned a level 2 spell: Ensorcelled Hibernation
  1292 | D:2      | Reached skill level 1 in Ice Magic
  1292 | D:2      | Reached XP level 3. HP: 24/24 MP: 3/6
  1326 | D:2      | Learned a level 3 spell: Confuse
  1505 | D:2      | Found a snail-covered altar of Cheibriados.
  1790 | D:2      | Reached skill level 5 in Hexes
  1790 | D:2      | Reached XP level 4. HP: 30/30 MP: 1/7
  1800 | D:2      | Reached skill level 5 in Stealth
  2160 | D:3      | Noticed Grinder
  2175 | D:3      | Killed Grinder
  2175 | D:3      | Reached skill level 6 in Stealth
  2175 | D:3      | Reached skill level 7 in Hexes
  2175 | D:3      | Reached XP level 5. HP: 35/35 MP: 6/9
  2175 | D:3      | Reached XP level 6. HP: 41/41 MP: 6/10
  3171 | D:4      | Reached skill level 8 in Hexes
  3554 | D:4      | Reached XP level 7. HP: 21/46 MP: 7/12
  3611 | D:4      | Learned a level 4 spell: Enslavement
  3637 | D:5      | Entered Level 5 of the Dungeon
  3695 | D:5      | Slain by an ogre

Action                   |  1- 3 |  4- 6 |  7- 9 || total
-------------------------+-------+-------+-------++-------
Melee: Dagger            |    88 |    73 |    10 ||   171
 Cast: Ensorcelled Hiber |    14 |    23 |     3 ||    40
       Confuse           |       |     2 |     1 ||     3
       Corona            |       |     1 |       ||     1
  Use: Potion            |     5 |     1 |       ||     6
       Scroll            |       |    10 |     1 ||    11
 Stab: Sleeping          |    18 |    32 |     1 ||    51
       Invisible         |     1 |     3 |       ||     4
       Confused          |       |     4 |       ||     4
